AoeStats
← Samarium

Arabia

509113051Analyzed
1v1 RM · 6d ago on Sep 25, 2026· 43m 39s· 2 players
Game mode
Random Map
Map size
Tiny (2 player)
Population
200
Speed
Normal
Resources
Standard
Victory
Conquest
Starting age
Dark Age
Ending age
Imperial Age
RankedLock teamsTeams togetherTeam positionsShared explorationLock speedFull tech treeHidden civsTurbo modeCheats
Victory
Defeat
🇬🇷 Japanese · Greece
862
+15
🇫🇷 Goths · France
835
-15
Samarium
5:57 Loom
10:56 Feudal Age
11:08 Man-at-Arms
21:04 Castle Age
20:24 Horse Collar
20:32 Double-Bit Axe
27:12 Long Swordsman
40:14 Imperial Age
40:42 Scale Barding Armor
Sunscream
6:26 Loom
9:25 Feudal Age
9:52 Double-Bit Axe
9:30 Man-at-Arms
12:14 Arson
16:22 Fletching
16:47 Forging
22:16 Castle Age
19:58 Horse Collar
22:21 Crossbowman
23:10 Long Swordsman
23:23 Pikeman
24:04 Squires
26:57 Wheelbarrow
28:14 Bow Saw
29:19 Heavy Plow
35:22 Yasama
38:48 Hand Cart
38:35 Gold Mining
38:36 Stone Mining
43:36 Imperial Age
44:06 Scale Mail Armor
44:02 Bodkin Arrow
Connection lost

Rejoining the realm…

Still unreachable

The connection could not be restored.

Session expired

The server has moved on; the page needs a fresh start.